cohdb
Replays
Latest Replays
All Replays
Popular Replays
Top Player Replays
Match Explorer
How It Works
Community
CoH3 Stats
Reddit
Sign in to upload your games and track your stats! →
Sign in with Steam
Match 43203602
Unlisted
Match 43203602
Overview
Messages
Build Orders
End
Kettenkrad Recon Vehicle
Construct Infanterie Kompanie
Construct Infanterie Kompanie
MG 42 Machine Gun Team
Grenadier Squad
Selects Breakthrough Battlegroup
Construct Panzergrenadier Kompanie
251 Medium Carrier
Selects Rapid Production
251 Medium Carrier
Pioneer Squad
Pak 40 Anti-tank Gun Team
251 Medium Carrier
Pioneer Squad
Selects Assault Grenadiers
Selects Breakthrough
Grenadier Squad
251 Medium Carrier
Pak 40 Anti-tank Gun Team
Construct Panzer Kompanie
Panzergrenadier Officer Quarters
Selects Mechanized Assault Group
MG 42 Machine Gun Team
Panzer IV Medium Tank
Kettenkrad Recon Vehicle
Panzer IV Medium Tank
Pioneer Squad
Selects Blitzkrieg
Selects Panzer IV Command Tank Sd.Kfz. 161/1
Blitzkrieg
Panzer IV Command Tank
Zerg6412
GG Shermi
simranjitsingh713
Ark Royal
Laffey
SingendeLeiche
0
0
Comments
sign in to comment!
No comments posted yet!